 Dungeon Crawl Stone Soup version 0.29-a0-323-g050149af67 (webtiles) character file.

Game seed: 11750897083459344625

18 zishaf the Skirmisher (level 2, -7/25 HPs)
             Began as a Palentonga Abyssal Knight on Apr 11, 2022.
             Was a Believer of Lugonu.
             Mangled by Sigmund
             ... wielding a +0 scythe
              (11 damage)
             ... on level 2 of the Dungeon.
             The game lasted 00:02:05 (1255 turns).

zishaf the Skirmisher (Palentonga Abyssal Knight)   Turns: 1255, Time: 00:02:06

Health: -7/25      AC:  4    Str: 16    XL:     2   Next: 48%
Magic:  3/3        EV:  9    Int: 10    God:    Lugonu [**....]
Gold:   7          SH:  0    Dex: 16    Spells: 1/1 levels left

rFire   . . .      SeeInvis +   a - +1 hand axe
rCold   . . .      Faith    .   (no shield)
rNeg    . . .      Spirit   .   b - +0 leather armour
rPois   .          Reflect  .   (no helmet)
rElec   .          Harm     .   (no cloak)
rCorr   .          Rampage  .   (no gloves)
Will    .....                   (no barding)
Stlth   +.........              (no amulet)
HPRegen 0.08/turn               h - +6 ring of dexterity
MPRegen 0.08/turn               (no ring)

@: no status effects
A: large, rugged brown scales 3, see invisible, deformed body, roll 1, armoured
tail
a: Rolling Charge, Renounce Religion, Depart the Abyss, Bend Space


You were on level 2 of the Dungeon.
You worshipped Lugonu.
Lugonu was pleased with you.
You visited 1 branch of the dungeon, and saw 2 of its levels.
You visited the Abyss 1 time.

You collected 7 gold pieces.

Inventory:

Hand Weapons
 a - a +1 hand axe (weapon)
Armour
 b - a +0 leather armour (worn)
 c - a +0 chain mail
Jewellery
 h - a +6 ring of dexterity (left hand)
Scrolls
 d - a scroll of brand weapon {unknown}
 e - 2 scrolls of teleportation {unknown}
 f - a scroll of holy word {unknown}
 j - a scroll of fear {unknown}
 k - a scroll of identify {unknown}
Potions
 g - 2 potions of heal wounds {unknown}
 i - a potion of curing {unknown}


   Skills:
 + Level 3.2 Fighting
 + Level 2.2 Axes
 + Level 1.8 Armour
 - Level 1.0 Dodging
 + Level 2.3 Invocations


You had one spell level left.
You didn't know any spells.
Your spell library was empty.

Dungeon Overview and Level Annotations

Branches:
Dungeon (2/15)

Altars:
Elyvilon

Shops:
D:1 ?

Annotations:
D:2 Sigmund


Innate Abilities, Weirdness & Mutations

You are completely covered in rugged brown scales. (AC +3, +7% HP)
You have supernaturally acute eyesight. (SInv)
Armour fits poorly on your strangely shaped body.
You can roll at nearby foes to attack.
You have a long armoured tail.


Message History

There is a stone staircase leading up here.
Sigmund whispers, "You'll know eternity soon."
Roll where?
Press: ? - help, Dir - move target, f - Sigmund
Aim: Sigmund, wielding a +0 scythe and wearing a +2 robe of willpower You roll forward with a clatter of scales!
You barely miss Sigmund. You tail-slap Sigmund.
Sigmund is lightly wounded.
Sigmund points at you and mumbles some strange words.
You are confused.
Sigmund barely misses you. Sigmund closely misses you.
You hit Sigmund. You tail-slap Sigmund.
Sigmund is moderately wounded.
Sigmund closely misses you.
You closely miss Sigmund.
Sigmund is moderately wounded.
Sigmund screams, "Die, monster!"
Sigmund gestures at you while chanting. You resist with significant effort.
You barely miss Sigmund.
Sigmund is moderately wounded.
You feel less confused. Sigmund hits you with a +0 scythe!
You closely miss Sigmund.
Sigmund is moderately wounded.
You closely miss Sigmund.
Sigmund is moderately wounded.
Sigmund misses you.
You hit Sigmund but do no damage. You tail-slap Sigmund!
Sigmund is heavily wounded.
Sigmund hits you with a +0 scythe!
You closely miss Sigmund.
Your tail-slap misses Sigmund.
Sigmund is heavily wounded.
Sigmund hits you with a +0 scythe.
* * * LOW HITPOINT WARNING * * *
You barely miss Sigmund.
Sigmund is heavily wounded.
Sigmund hits you with a +0 scythe!
You die...

... .# .. .. .##
... #. ..## #.#
#.#...
.#..##...#
.......<# .##
.##.....####...#
#.............#
#..._..@......#
#.....@....##.#
#..........#
#..........#
#..........#
#..........#
############


You could see Sigmund.

Vanquished Creatures
  A ball python (D:1)
  2 endoplasms (D:1)
  3 goblins (D:1)
  3 hobgoblins (D:1)
  3 kobolds (D:1)
  A bat (D:1)
  A frilled lizard (D:1)
  A rat (D:1)
15 creatures vanquished.

Notes
Turn   | Place    | Note
-------+----------+-------------------------------------------
     0 | Abyss:1  | zishaf the Palentonga Abyssal Knight began the quest for
                  | the Orb.
     0 | Abyss:1  | Reached XP level 1. HP: 19/19 MP: 2/2
    61 | Abyss:1  | Noticed a ynoxinul
    62 | D:1      | Escaped the Abyss
   445 | D:1      | Reached skill level 1 in Dodging
   572 | D:1      | Reached XP level 2. HP: 16/25 MP: 3/3
   985 | D:1      | Found Zumix's Magic Scroll Emporium.
  1240 | D:2      | Noticed Sigmund
  1240 | D:2      | Found a white marble altar of Elyvilon.
  1255 | D:2      | Mangled by Sigmund

Illustrated notes

Levels and vault maps discovered:
D:1:      lightli_arrival_flooded_house, layout_basic, serial_shops,
          nicolae_shop_temple_entry_statues_fountains
D:2:      layout_rooms, basic_altar, ebering_ecumenical_altar_mist, uniq_sigmund

Skill      XL: |  1 |
---------------+----+-----
Dodging        | 1 |  1.0
Fighting       | |  3.2
Axes           | |  2.2
Armour         | |  1.8
Invocations    | |  2.3

Action                   || total
-------------------------++-------
Melee: Hand axe          ||    46
       Tailslap          ||     8
Invok: Depart the Abyss  ||     1
 Abil: Rolling Charge    ||     2
Armor: Leather armour    ||     7
Dodge: Dodged            ||    20

Table legend: (Time is in decaauts)
 A = Elapsed time spent in this place.
 B = Non-inter-level travel time spent in this place.
 C = Inter-level travel time spent in this place.
 D = Time resting spent in this place.
 E = Time spent auto-exploring this place.
 F = Levels seen in this place.
 G = Mean time per level.
                   A        B        C        D        E       F      G
               +--------+--------+--------+--------+--------+-----+--------+
         Total |   1264 |   1238 |     26 |      0 |   1024 |   3 |  421.3 |
       Dungeon |   1202 |   1176 |     26 |      0 |   1024 |   2 |  601.0 |
         Abyss |     62 |     62 |      0 |      0 |      0 |   1 |   62.0 |
               +--------+--------+--------+--------+--------+-----+--------+

Top non-repeatable levels by time:
     D:1: 1185 daAuts
 Abyss:1: 62 daAuts
     D:2: 16 daAuts
